PR
WINTER HAVEN SUN SOX @ TULSA OTTERS
08/25/2034
 
TOP OF THE 1ST
Winter Haven Sun Sox batting - Pitching for Tulsa Otters : RHP Nick Rollins
Pitching: RHP Nick Rollins
Batting: SHB Vincent Griffin 0-0: Called Strike
0-1: Swinging Strike
0-2: SOLO HOME RUN (Flyball, 9LD), Distance : 336 ft
Batting: RHB Tom Camden 0-0: Ball
1-0: Called Strike
1-1: Foul Ball, location: 2F
1-2: Foul Ball, location: 2F
1-2: TRIPLE (Line Drive, 8RXD)
Batting: LHB Donald Lund 0-0: Called Strike
0-1: Ball
1-1: Foul Ball, location: 2F
1-2: Strikes out swinging
Batting: RHB Paul Bader 0-0: Called Strike
0-1: Foul Ball, location: 2F
0-2: Ball
1-2: Ball
2-2: SINGLE (Groundball, 56D)
Tom Camden scores
Batting: RHB Raheem Sterling 0-0: Called Strike
0-1: Ball
1-1: Ball
2-1: Grounds into double play, 5-4-3 (Groundball, 5)
Top of the 1st over - 2 runs, 3 hits, 0 errors, 0 left on base; Winter Haven 2 - Tulsa 0
BOTTOM OF THE 1ST
Tulsa Otters batting - Pitching for Winter Haven Sun Sox : RHP Ismael Pérez
Pitching: RHP Ismael Pérez
Batting: RHB Marvin Clark 0-0: Called Strike
0-1: Foul Ball, location: 2F
0-2: Ball
1-2: Strikes out swinging
Batting: RHB Alexander Conley 0-0: Ball
1-0: Ball
2-0: Ball
3-0: Called Strike
3-1: Called Strike
3-2: Base on Balls
Batting: RHB Martín Chávez 0-0: Fielders Choice at 2nd, 6-4 (Groundball, 6)
Batting: RHB Jim Schroeder 0-0: Called Strike
0-1: Ball
1-1: Swinging Strike
1-2: Ball
Martín Chávez steals 2nd base
2-2: Ball
3-2: Strikes out swinging
Bottom of the 1st over - 0 runs, 0 hits, 0 errors, 1 left on base; Winter Haven 2 - Tulsa 0
TOP OF THE 2ND
Winter Haven Sun Sox batting - Pitching for Tulsa Otters : RHP Nick Rollins
Batting: LHB Fernando Negrete 0-0: Bunt missed!
0-1: Ball
1-1: SINGLE (Line Drive, 34D)
Batting: RHB Roberto Ramos 0-0: Ball
1-0: Ball
2-0: Ball
3-0: Base on Balls
Fernando Negrete to second
Batting: RHB Yu-bao Wie 0-0: Ball
1-0: Ball
2-0: Ball
3-0: Base on Balls
Fernando Negrete to third
Roberto Ramos to second
Batting: RHB Jeff Bowers 0-0: Grounds into double play, 5-4-3 (Groundball, 56)
Fernando Negrete scores
Roberto Ramos to third
Batting: SHB Vincent Griffin 0-0: Fly out, F8 (Flyball, 8LD)
Top of the 2nd over - 1 run, 1 hit, 0 errors, 1 left on base; Winter Haven 3 - Tulsa 0
BOTTOM OF THE 2ND
Tulsa Otters batting - Pitching for Winter Haven Sun Sox : RHP Ismael Pérez
Batting: RHB Bill Cobb 0-0: Ball
1-0: Swinging Strike
1-1: Ball
2-1: Ball
3-1: Foul Ball, location: 2F
3-2: Fly out, F5 (Popup, 5SF)
Batting: RHB Tim Robinson 0-0: Ball
1-0: Called Strike
1-1: Ball
2-1: DOUBLE (Line Drive, 7LM)
Batting: RHB Luke Rouco 0-0: Called Strike
0-1: Ball
1-1: Ground out 5-3 (Groundball, 56D)
Batting: RHB Patrick Mildren 0-0: Ball
1-0: Foul Ball, location: 2F
1-1: Ball
2-1: Ball
3-1: Fly out, F8 (Flyball, 89D)
Bottom of the 2nd over - 0 runs, 1 hit, 0 errors, 1 left on base; Winter Haven 3 - Tulsa 0
TOP OF THE 3RD
Winter Haven Sun Sox batting - Pitching for Tulsa Otters : RHP Nick Rollins
Batting: RHB Tom Camden 0-0: Called Strike
0-1: Ball
1-1: Ground out 6-3 (Groundball, 6)
Batting: LHB Donald Lund 0-0: Ball
1-0: SOLO HOME RUN (Line Drive, 9LD), Distance : 340 ft
Batting: RHB Paul Bader 0-0: Ball
1-0: Ball
2-0: SINGLE (Groundball, 56D)
Batting: RHB Raheem Sterling 0-0: SINGLE (Line Drive, 7S)
Paul Bader to second
Batting: LHB Fernando Negrete 0-0: Ball
1-0: Called Strike
1-1: Ball
2-1: Fielders Choice at 2nd, 3-6 (Groundball, 34)
Paul Bader to third
Batting: RHB Roberto Ramos 0-0: Called Strike
0-1: Fly out, F8 (Flyball, 8RD)
Top of the 3rd over - 1 run, 3 hits, 0 errors, 2 left on base; Winter Haven 4 - Tulsa 0
BOTTOM OF THE 3RD
Tulsa Otters batting - Pitching for Winter Haven Sun Sox : RHP Ismael Pérez
Batting: SHB Carl Wilson 0-0: Foul Ball, location: 2F
0-1: Ball
1-1: Called Strike
1-2: Strikes out looking
Batting: RHB Marvin Clark 0-0: Called Strike
0-1: Foul Ball, location: 2F
0-2: Ball
1-2: Fly out, F9 (Flyball, 9LD)
Batting: RHB Alexander Conley 0-0: Ball
1-0: Foul Ball, location: 2F
1-1: Ball
2-1: Ball
3-1: Called Strike
3-2: Ground out 5-3 (Groundball, 56S)
Bottom of the 3rd over - 0 runs, 0 hits, 0 errors, 0 left on base; Winter Haven 4 - Tulsa 0
TOP OF THE 4TH
Winter Haven Sun Sox batting - Pitching for Tulsa Otters : RHP Nick Rollins
Batting: RHB Yu-bao Wie 0-0: Ball
1-0: Ball
2-0: Ground out 5-3 (Groundball, 56)
Batting: RHB Jeff Bowers 0-0: Ball
1-0: Called Strike
1-1: Swinging Strike
1-2: Ball
2-2: Ball
3-2: Foul Ball, location: 2F
3-2: Base on Balls
Batting: SHB Vincent Griffin 0-0: Ball
1-0: Foul Ball, location: 2F
1-1: Foul Ball, location: 2F
1-2: Strikes out looking
Batting: RHB Tom Camden 0-0: Fielders Choice at 2nd, 6-4 (Groundball, 6)
Top of the 4th over - 0 runs, 0 hits, 0 errors, 1 left on base; Winter Haven 4 - Tulsa 0
BOTTOM OF THE 4TH
Tulsa Otters batting - Pitching for Winter Haven Sun Sox : RHP Ismael Pérez
Batting: RHB Martín Chávez 0-0: Called Strike
0-1: Foul Ball, location: 2F
0-2: SINGLE (Groundball, 56) (infield hit)
Batting: RHB Jim Schroeder 0-0: Foul Ball, location: 2F
0-1: Fly out, F9 (Flyball, 9LM)
Batting: RHB Bill Cobb 0-0: Called Strike
Martín Chávez is caught stealing 2nd base
0-1: Foul Ball, location: 2F
0-2: Strikes out swinging
Bottom of the 4th over - 0 runs, 1 hit, 0 errors, 0 left on base; Winter Haven 4 - Tulsa 0
TOP OF THE 5TH
Winter Haven Sun Sox batting - Pitching for Tulsa Otters : RHP Nick Rollins
Batting: LHB Donald Lund 0-0: Called Strike
0-1: Ground out 6-3 (Groundball, 6MD)
Batting: RHB Paul Bader 0-0: Ball
1-0: Foul Ball, location: 2F
1-1: Foul Ball, location: 2F
1-2: Ground out 6-3 (Groundball, 6)
Batting: RHB Raheem Sterling 0-0: Foul Ball, location: 2F
0-1: Swinging Strike
0-2: Foul Ball, location: 2F
0-2: Ball
1-2: Foul Ball, location: 2F
1-2: Ball
2-2: Foul Ball, location: 2F
2-2: SINGLE (Flyball, 7S)
Batting: LHB Fernando Negrete 0-0: Called Strike
0-1: Ball
1-1: Swinging Strike
1-2: Hit by Pitch
Raheem Sterling to second
Batting: RHB Roberto Ramos 0-0: Foul Ball, location: 2F
0-1: Ball
1-1: Fly out, F7 (Flyball, 7)
Top of the 5th over - 0 runs, 1 hit, 0 errors, 2 left on base; Winter Haven 4 - Tulsa 0
BOTTOM OF THE 5TH
Tulsa Otters batting - Pitching for Winter Haven Sun Sox : RHP Ismael Pérez
Batting: RHB Tim Robinson 0-0: Called Strike
0-1: Ball
1-1: Foul Ball, location: 2F
1-2: Foul Ball, location: 2F
1-2: Ground out 3-1 (Groundball, 34S)
Batting: RHB Luke Rouco 0-0: Called Strike
0-1: Ball
1-1: Swinging Strike
1-2: Strikes out looking
Batting: RHB Patrick Mildren 0-0: Called Strike
0-1: Foul Ball, location: 2F
0-2: Ball
1-2: Reached on error, E3 (Groundball, 34)
Batting: SHB Carl Wilson 0-0: Ball
1-0: Foul Ball, location: 2F
1-1: Fly out, F8 (Line Drive, 89D)
Bottom of the 5th over - 0 runs, 0 hits, 1 error, 1 left on base; Winter Haven 4 - Tulsa 0
TOP OF THE 6TH
Winter Haven Sun Sox batting - Pitching for Tulsa Otters : RHP Nick Rollins
Batting: RHB Yu-bao Wie 0-0: Called Strike
0-1: Foul Ball, location: 2F
0-2: Strikes out swinging
Batting: RHB Jeff Bowers 0-0: Ball
1-0: Called Strike
1-1: Ball
2-1: SINGLE (Groundball, 5S) (infield hit)
Batting: SHB Vincent Griffin 0-0: Fly out, F5 (Popup, 5SF)
Batting: RHB Tom Camden 0-0: Called Strike
0-1: Foul Ball, location: 2F
0-2: Ball
1-2: Ball
2-2: Strikes out looking
Top of the 6th over - 0 runs, 1 hit, 0 errors, 1 left on base; Winter Haven 4 - Tulsa 0
BOTTOM OF THE 6TH
Tulsa Otters batting - Pitching for Winter Haven Sun Sox : RHP Ismael Pérez
Batting: RHB Marvin Clark 0-0: Called Strike
0-1: Ball
1-1: Ball
2-1: SINGLE (Groundball, 6MD)
Batting: RHB Alexander Conley 0-0: Ball
1-0: Ball
2-0: Called Strike
2-1: Ball
Marvin Clark is caught stealing 2nd base
3-1: Swinging Strike
3-2: Base on Balls
Batting: RHB Martín Chávez 0-0: Called Strike
0-1: Ball
1-1: Called Strike
1-2: Foul Ball, location: 2F
1-2: Ball
2-2: Foul Ball, location: 2F
2-2: Ball
3-2: Foul Ball, location: 2F
3-2: 2-RUN HOME RUN (Flyball, 7D), Distance : 389 ft
Batting: RHB Jim Schroeder 0-0: Ball
1-0: Swinging Strike
1-1: Foul Ball, location: 2F
1-2: Foul Ball, location: 2F
1-2: Reached on error, E7 (Flyball, 7S)
Batting: RHB Bill Cobb 0-0: Called Strike
0-1: Foul Ball, location: 2F
0-2: Ball
1-2: Ball
2-2: Grounds into double play, 5-4-3 (Groundball, 56)
Bottom of the 6th over - 2 runs, 2 hits, 1 error, 0 left on base; Winter Haven 4 - Tulsa 2
TOP OF THE 7TH
Winter Haven Sun Sox batting - Pitching for Tulsa Otters : RHP Nick Rollins
Batting: LHB Donald Lund 0-0: Ball
1-0: Foul Ball, location: 2F
1-1: Foul Ball, location: 2F
1-2: Ball
2-2: DOUBLE (Flyball, 8LD)
Batting: RHB Paul Bader 0-0: Intentional Walk
Pitching: RHP Félix Reyes
Batting: RHB Raheem Sterling 0-0: Called Strike
0-1: Swinging Strike
0-2: Ball
1-2: Foul Ball, location: 2F
1-2: Foul Ball, location: 2F
1-2: Ball
2-2: Hit by Pitch
Donald Lund to third
Paul Bader to second
Batting: LHB Fernando Negrete 0-0: Ball
1-0: Called Strike
1-1: Ball
2-1: Swinging Strike
2-2: Ball
3-2: Strikes out looking
Batting: RHB Roberto Ramos 0-0: Ball
1-0: Ball
2-0: Ball
3-0: Base on Balls
Donald Lund scores
Paul Bader to third
Raheem Sterling to second
Batting: RHB Yu-bao Wie 0-0: Foul Ball, location: 2F
0-1: SINGLE (Line Drive, 34D)
Paul Bader scores
Raheem Sterling to third
Roberto Ramos to second
Batting: RHB Jeff Bowers 0-0: Called Strike
0-1: Fly out, F9 (Flyball, 9S)
Batting: SHB Vincent Griffin 0-0: Called Strike
0-1: Foul Ball, location: 2F
0-2: Ball
1-2: Fly out, F8 (Line Drive, 8LXD)
Top of the 7th over - 2 runs, 2 hits, 0 errors, 3 left on base; Winter Haven 6 - Tulsa 2
BOTTOM OF THE 7TH
Tulsa Otters batting - Pitching for Winter Haven Sun Sox : RHP Ismael Pérez
Batting: RHB Tim Robinson 0-0: Ball
1-0: Ball
2-0: Ball
3-0: Called Strike
3-1: Swinging Strike
3-2: DOUBLE (Flyball, 89D)
Batting: RHB Luke Rouco 0-0: Called Strike
0-1: Foul Ball, location: 2F
0-2: Strikes out swinging
Batting: RHB Patrick Mildren 0-0: Ball
1-0: Foul Ball, location: 2F
1-1: Swinging Strike
1-2: Fly out, F7 (Flyball, 78S)
Pitching: RHP Alfonso Gonzáles
Batting: SHB Carl Wilson 0-0: Called Strike
0-1: Ball
1-1: Foul Ball, location: 2F
1-2: Ball
2-2: Ball
3-2: Foul Ball, location: 2F
3-2: SINGLE (Flyball, 8RM)
Tim Robinson to third
Tim Robinson scores
Batting: RHB Marvin Clark 0-0: Ball
1-0: Ground out 3-1 (Groundball, 34)
Bottom of the 7th over - 1 run, 2 hits, 0 errors, 1 left on base; Winter Haven 6 - Tulsa 3
TOP OF THE 8TH
Winter Haven Sun Sox batting - Pitching for Tulsa Otters : RHP Félix Reyes
Batting: RHB Tom Camden 0-0: Ball
1-0: Ball
2-0: Called Strike
2-1: Foul Ball, location: 2F
2-2: Ball
3-2: Base on Balls
Batting: LHB Donald Lund 0-0: Fly out, F8 (Flyball, 89S)
Batting: RHB Paul Bader 0-0: Ball
1-0: Called Strike
Tom Camden steals 2nd base
1-1: Intentional Walk
Batting: RHB Raheem Sterling 0-0: 3-RUN HOME RUN (Flyball, 7D), Distance : 383 ft
Batting: LHB Fernando Negrete 0-0: SINGLE (Groundball, 6MD)
Batting: RHB Roberto Ramos 0-0: Ball
1-0: Fly out, F2 (Popup, 23F)
Batting: RHB Yu-bao Wie 0-0: Ball
1-0: 2-RUN HOME RUN (Flyball, 78XD), Distance : 406 ft
Batting: RHB Jeff Bowers 0-0: Ball
1-0: Called Strike
1-1: Ground out U3 (Groundball, 34)
Top of the 8th over - 5 runs, 3 hits, 0 errors, 0 left on base; Winter Haven 11 - Tulsa 3
BOTTOM OF THE 8TH
Tulsa Otters batting - Pitching for Winter Haven Sun Sox : RHP Alfonso Gonzáles
Batting: RHB Alexander Conley 0-0: Ball
1-0: Swinging Strike
1-1: Swinging Strike
1-2: Strikes out swinging
Batting: RHB Martín Chávez 0-0: Fly out, F6 (Popup, 6)
Batting: RHB Jim Schroeder 0-0: Fly out, F3 (Popup, 3SF)
Bottom of the 8th over - 0 runs, 0 hits, 0 errors, 0 left on base; Winter Haven 11 - Tulsa 3
TOP OF THE 9TH
Winter Haven Sun Sox batting - Pitching for Tulsa Otters : RHP Félix Reyes
Batting: SHB Vincent Griffin 0-0: Called Strike
0-1: Fly out, F5 (Popup, 5S)
Batting: RHB Tom Camden 0-0: Called Strike
0-1: Ball
1-1: Ground out 5-3 (Groundball, 56)
Batting: LHB Donald Lund 0-0: Called Strike
0-1: Foul Ball, location: 2F
0-2: SINGLE (Groundball, 34S) (infield hit)
Batting: RHB Paul Bader 0-0: Ball
1-0: Ball
2-0: Foul Ball, location: 2F
2-1: SINGLE (Flyball, 89M)
Donald Lund to second
Batting: RHB Raheem Sterling 0-0: Ball
1-0: Foul Ball, location: 2F
1-1: Ball
2-1: Foul Ball, location: 2F
2-2: Ball
3-2: Fly out, F3 (Popup, 3SF)
Top of the 9th over - 0 runs, 2 hits, 0 errors, 2 left on base; Winter Haven 11 - Tulsa 3
BOTTOM OF THE 9TH
Tulsa Otters batting - Pitching for Winter Haven Sun Sox : RHP Alfonso Gonzáles
Now in CF: Thomas Careless
Batting: RHB Bill Cobb 0-0: Swinging Strike
0-1: Ball
1-1: Called Strike
1-2: Foul Ball, location: 2F
1-2: Strikes out swinging
Batting: RHB Tim Robinson 0-0: Ball
1-0: Ball
2-0: Called Strike
2-1: Ball
3-1: DOUBLE (Line Drive, 89D)
Batting: RHB Luke Rouco 0-0: Ball
1-0: Called Strike
1-1: Called Strike
1-2: Foul Ball, location: 2F
1-2: Ball
2-2: Ground out 6-3 (Groundball, 6)
Batting: RHB Patrick Mildren 0-0: Fly out, F7 (Flyball, 78D)
Bottom of the 9th over - 0 runs, 1 hit, 0 errors, 1 left on base; Winter Haven 11 - Tulsa 3
Friday, March 29th, 2019 - OOTP Baseball 18.8 Build 76